Map: Cañón atribulado

Players

TATORREA - Winner!

  • Race: Protoss Protoss
  • League: Gold
  • Spawn Location: 7:00

MrFercho - Winner!

  • Race: Zerg Zerg
  • League: Gold
  • Spawn Location: 6:00

tigro - Winner!

  • Race: Terran Terran
  • League: Bronze
  • Spawn Location: 6:00

hoop

  • Race: Protoss Protoss
  • Spawn Location: 3:00

Wombatron

  • Race: Zerg Zerg
  • Spawn Location: 12:00

MrRageQuit

  • Race: Terran Terran
  • Spawn Location: 12:00

VOD

Have the link to the VOD?

Description

Time

  • Played on: Aug. 21, 2020, 9:25 p.m.
  • Length: 15:43
Show
View Real Time Build Order
Export as new Build Order

TATORREA Protoss - Winner!

Build Orders:  

Get SALT Encoding   

  12  0:02  Probe  
  13  0:14  Probe  
  14  0:24  Pylon  
  14  0:26  Probe  
  15  0:42  Probe  
  16  0:48  Gateway  
  16  0:54  Probe  
  17  1:04  Gateway  
  17  1:06  Probe  
  17  1:18  Probe  
  17  1:19  Assimilator, Pylon  
  18  1:30  Probe  
  19  1:41  Cybernetics Core  
  19  1:42  Probe  
  20  1:51  Assimilator  
  20  1:53  Pylon  
  20  1:55  Probe  
  21  2:07  Probe  
  22  2:19  Probe  
  23  2:24  Twilight Council  
  23  2:34  Adept x2  
  27  2:50  Nexus  
  27  2:55  Resonating Glaives (Chrono Boost), Pylon  
  27  3:05  Warp Gate  
  27  3:12  Adept (Chrono Boost)  
  29  3:17  Adept (Chrono Boost)  
  31  3:38  Adept (Chrono Boost)  
  33  3:44  Adept (Chrono Boost)  
  33  3:45  Probe  
  36  3:57  Probe  
  37  4:03  Probe  
  37  4:09  Probe  
  39  4:15  Probe  
  40  4:18  Pylon  
  40  4:22  Probe, Stargate  
  41  4:27  Probe  
  38  5:00  Stalker x2  
  21  5:41  Stalker x2  
  23  5:46  Probe x2 (Chrono Boost)  
  23  5:49  Void Ray  
  25  5:56  Probe x2 (Chrono Boost)  
  31  5:58  Blink (Chrono Boost)  
  31  6:01  Probe x2 (Chrono Boost)  
  33  6:12  Probe x2  
  33  6:18  Stalker x2  
  39  6:24  Probe x2  
  41  6:27  Void Ray  
  41  6:36  Probe x2  
  47  6:48  Probe x2  
  49  7:00  Stalker x2, Probe x2  
  55  7:12  Probe x2  
  57  7:30  Probe x2  
  59  7:42  Probe  
  59  7:43  Probe  
  61  7:47  Void Ray  
  61  7:54  Probe  
  61  7:55  Probe  
  67  8:12  Probe x2  
  69  8:18  Gateway  
  69  8:19  Gateway  
  69  8:22  Gateway, Assimilator  
  69  8:27  Fleet Beacon  
  69  8:28  Assimilator  
  69  8:37  Void Ray  
  69  8:54  Probe  
  70  9:19  Pylon  
  70  9:22  Pylon  
  70  9:26  Pylon  
  70  9:28  Unknown  
  70  9:31  Void Ray  
  70  9:34  Pylon  
  70  9:37  Probe x2, Nexus  
  76  9:39  Pylon  
  76  9:40  Protoss Air Weapons Level 1 (Chrono Boost), Pylon  
  76  9:49  Probe x2  
  78  10:01  Probe x2  
  78  10:04  Gateway  
  78  10:05  Gateway  
  80  10:08  Gateway  
  80  10:11  Gateway  
  80  10:13  Probe  
  80  10:14  Probe  
  82  10:26  Probe  
  82  10:28  Templar Archives  
  83  10:30  Pylon  
  83  10:34  Pylon  
  83  10:38  Zealot x2  
  87  10:43  Charge  
  87  10:44  Void Ray  
  87  10:46  Nexus  
  91  10:58  Probe x3  
  94  11:08  Zealot x2  
  94  11:09  Zealot  
  94  11:10  Zealot  
  102  11:12  Assimilator  
  102  11:17  Assimilator  
  102  11:18  Void Ray (Chrono Boost)  
  106  11:36  Protoss Air Weapons Level 2  
  106  11:45  High Templar  
  106  11:46  High Templar x2  
  112  11:48  Zealot x2  
  112  11:49  Zealot  
  112  11:52  Archon  
  118  11:58  Probe x3  
  121  12:03  Probe  
  122  12:10  Probe x3  
  122  12:13  Void Ray, Zealot x3  
  132  12:15  Probe  
  132  12:20  Psionic Storm  
  136  12:26  Zealot x3  
  142  12:36  Probe x2  
  142  12:37  Probe x2  
  146  12:44  Zealot x3  
  146  12:48  Probe x2  
  146  12:49  Probe  
  95  13:24  Void Ray  
  95  13:25  Zealot x2  
  95  13:26  Zealot x4  
  97  13:31  Probe x3  
  97  13:32  Probe  
  95  13:43  Probe x2  
  95  13:44  Probe x2  
  95  13:47  Zealot x2  
  95  13:48  Zealot x4  
  103  13:56  Probe x4  
  103  14:01  Void Ray (Chrono Boost)  
  107  14:08  Probe x2  
  95  14:27  Assimilator  
  89  14:31  Assimilator  
  89  14:34  Robotics Facility  
  89  14:35  Void Ray (Chrono Boost)  
  89  14:36  Robotics Facility  
  89  14:39  Gateway  
  89  14:41  Gateway  
  89  14:45  Zealot x5  
  99  14:46  Gateway, Zealot  
  99  14:49  Gateway  
  99  14:50  Gateway  
  105  14:53  Gateway  
  109  15:15  Zealot x3  
  109  15:16  Zealot x3  
Show
View Real Time Build Order
Export as new Build Order

MrFercho Zerg - Winner!

Build Orders: Hatch First, Lurkers 

Get SALT Encoding   

  12  0:00  Drone  
  13  0:13  Overlord  
  13  0:18  Drone  
  14  0:32  Drone x2  
  16  0:53  Hatchery  
  16  0:54  Drone  
  16  0:56  Drone  
  17  1:01  Drone  
  18  1:10  Extractor  
  17  1:19  Spawning Pool  
  17  1:20  Drone  
  17  1:23  Drone  
  18  1:29  Drone  
  19  1:47  Drone  
  20  1:51  Overlord  
  20  2:02  Drone  
  21  2:11  Drone  
  22  2:18  Overlord  
  22  2:20  Queen x2  
  22  2:22  Zergling x2  
  27  2:29  Drone x2  
  29  2:34  Drone  
  30  2:38  Drone  
  31  2:45  Drone  
  31  2:50  Drone  
  33  2:55  Overlord  
  33  2:59  Queen  
  33  3:02  Lair  
  35  3:08  Roach Warren  
  35  3:10  Drone  
  35  3:11  Evolution Chamber  
  35  3:12  Drone  
  35  3:14  Drone  
  36  3:30  Spore Crawler  
  36  3:33  Drone x5, Spore Crawler  
  39  3:37  Overlord  
  39  3:58  Zerg Missile Weapons Level 1  
  39  4:01  Roach x4  
  39  4:02  Roach x2  
  51  4:10  Queen  
  52  4:40  Glial Reconstitution  
  52  4:43  Drone x4  
  52  4:44  Drone x3  
  59  4:46  Extractor  
  59  4:48  Extractor  
  57  5:07  Drone x3  
  60  5:24  Overlord x3  
  60  5:25  Overlord x2  
  59  5:47  Drone  
  60  5:51  Roach  
  60  5:52  Roach x4  
  70  6:07  Drone  
  70  6:09  Drone x3  
  70  6:10  Drone  
  75  6:14  Extractor  
  75  6:17  Overlord x3  
  74  6:20  Zerg Missile Weapons Level 2  
  74  6:27  Hydralisk Den  
  73  6:33  Hatchery  
  72  6:40  Hatchery x2  
  72  6:41  Queen  
  68  7:14  Drone x3  
  68  7:15  Drone x5  
  76  7:17  Muscular Augments  
  76  7:27  Roach  
  76  7:28  Roach x9  
  96  7:32  Hatchery  
  95  7:38  Nydus Network  
  95  7:42  Infestation Pit  
  93  7:47  Evolution Chamber  
  92  7:51  Drone x9  
  92  7:52  Drone  
  92  7:55  Overlord  
  102  8:04  Tunneling Claws  
  102  8:08  Burrow  
  102  8:10  Pneumatized Carapace  
  102  8:24  Queen  
  104  8:29  Grooved Spines  
  104  8:32  Hydralisk x8  
  120  8:47  Extractor  
  119  8:49  Extractor  
  119  8:54  Zerg Ground Armor Level 1  
  118  8:59  Hive  
  118  9:07  Ravager  
  119  9:18  Drone x6  
  119  9:19  Drone x3  
  128  9:26  Drone x18  
  128  9:30  Queen  
  148  9:55  Lurker Den  
  148  9:57  Spire  
  146  10:04  Extractor  
  146  10:06  Extractor  
  144  10:09  Spore Crawler  
  144  10:11  Spore Crawler x2  
  144  10:13  Overlord x7  
  127  10:31  Drone  
  127  10:32  Drone x10  
  127  10:33  Drone x2  
  139  10:46  Drone x3  
  139  10:49  Drone x3  
  145  10:51  Queen  
  147  10:59  Zerg Missile Weapons Level 3  
  147  11:00  Zerg Ground Armor Level 2  
  147  11:02  Hydralisk  
  147  11:03  Hydralisk x15  
  179  11:17  Overseer  
  179  11:23  Lurker  
  179  11:24  Lurker x5  
  185  11:50  Spine Crawler  
  185  11:53  Spine Crawler  
  183  12:00  Overseer  
  183  12:04  Corruptor x3  
  189  12:08  Greater Spire  
  189  12:09  Overlord x5  
  189  12:14  Seismic Spines  
  189  13:04  Nydus Canal  
  189  13:11  Adaptive Talons  
  189  13:21  Hydralisk x13  
  189  13:23  Metabolic Boost  
  189  13:37  Zerg Melee Weapons Level 1  
  189  13:38  Roach x18  
  185  14:07  Hydralisk x7  
Show
View Real Time Build Order
Export as new Build Order

tigro Terran - Winner!

Build Orders:  

Get SALT Encoding   

  13  0:14  SCV  
  13  0:21  Supply Depot  
  13  0:26  SCV  
  14  0:38  SCV  
  15  0:50  SCV  
  15  0:52  Barracks  
  15  0:56  Refinery  
  16  1:02  SCV, Refinery  
  17  1:14  SCV  
  18  1:26  SCV  
  19  1:32  Supply Depot  
  19  1:39  SCV  
  20  1:40  Marine  
  21  1:58  Marine  
  22  2:11  Factory, SCV  
  23  2:16  Marine  
  24  2:22  Engineering Bay  
  24  2:23  SCV  
  25  2:34  Marine  
  25  2:36  SCV  
  27  2:51  Marine  
  27  2:55  Factory Tech Lab  
  28  3:01  Orbital Command  
  28  3:12  Missile Turret  
  28  3:20  Barracks Tech Lab  
  28  3:24  Siege Tank  
  31  3:32  Missile Turret  
  31  3:43  Combat Shield  
  31  3:56  Siege Tank  
  31  3:58  Missile Turret  
  34  4:12  Terran Infantry Weapons Level 1  
  34  4:20  Missile Turret  
  33  4:46  Missile Turret  
  32  5:02  Stimpack  
  32  5:46  Marine  
  32  6:03  Marine  
  33  6:06  Terran Infantry Armor Level 1  
  33  6:10  Starport  
  33  6:20  Cyclone  
  33  6:21  Marine  
  37  6:39  Marine  
  38  6:44  Missile Turret  
  38  6:52  Medivac, Cyclone  
  43  6:57  Marine  
  44  7:04  Missile Turret  
  44  7:10  Command Center  
  44  7:15  Marine  
  45  7:20  Armory  
  45  7:28  Missile Turret  
  45  7:30  Starport Tech Lab  
  45  7:43  Supply Depot  
  45  7:48  Refinery  
  45  7:59  SCV  
  45  8:05  Cyclone  
  49  8:06  Supply Depot  
  49  8:11  SCV  
  50  8:24  Fusion Core  
  50  8:25  Terran Vehicle Weapons Level 1  
  50  8:28  Supply Depot  
  50  8:37  Cyclone  
  53  8:58  SCV  
  54  9:09  Cyclone  
  57  9:10  Refinery, SCV  
  58  9:17  Barracks, Hi-Sec Auto Tracking  
  58  9:22  SCV  
  59  9:34  SCV, Weapon Refit  
  60  9:46  SCV  
  61  9:59  Thor  
  67  10:09  Barracks Reactor  
  67  10:14  Neosteel Armor  
  67  10:18  SCV  
  67  10:19  Terran Vehicle And Ship Armor Level 1  
  68  10:30  SCV  
  70  10:42  SCV  
  70  10:44  Marine  
  71  10:54  SCV  
  72  11:02  Marine  
  64  11:06  Marine x2  
  64  11:07  SCV  
  48  11:19  Marine  
  48  11:22  Medivac  
  48  11:24  Marine x2  
  53  11:36  SCV  
  53  11:37  Marine  
  55  11:41  Marine  
  55  11:42  Marine  
  57  11:48  SCV  
  57  11:52  Medivac  
  60  11:55  Thor, Marine  
  60  11:59  Marine x2  
  60  12:00  SCV  
  70  12:12  SCV  
  70  12:13  Marine  
  72  12:22  Battlecruiser  
  78  12:25  SCV  
  79  12:33  Missile Turret  
  79  12:42  Thor  
  85  12:46  Marine  
  86  12:53  Missile Turret  
  86  13:24  Missile Turret  
  86  13:27  Marine  
  86  13:29  Marine x2  
  75  13:43  Missile Turret  
  75  13:44  Marine  
  75  13:47  Marine x2  
  70  13:50  Battlecruiser  
  76  14:02  Marine  
  76  14:05  Marine x2  
  79  14:20  Marine  
  79  14:22  Marine  
  79  14:23  Marine  
  69  14:38  Marine  
  62  14:40  Marine x2  
  60  14:45  Thor  
  66  14:56  Marine  
  66  14:58  Marine x2  
  71  15:13  Marine  
  72  15:16  Marine  
Show
View Real Time Build Order
Export as new Build Order

hoop Protoss 

Build Orders:  

Get SALT Encoding   

  12  0:01  Probe  
  13  0:13  Probe  
  14  0:22  Pylon  
  14  0:26  Probe  
  15  0:35  Pylon  
  15  0:48  Probe  
  16  0:55  Gateway  
  16  1:00  Probe  
  17  1:04  Assimilator  
  17  1:12  Probe  
  18  1:32  Probe  
  19  1:33  Pylon  
  19  1:36  Pylon  
  19  1:44  Probe  
  20  1:56  Probe  
  20  1:58  Cybernetics Core  
  21  2:02  Forge  
  21  2:20  Nexus  
  21  2:36  Gateway  
  21  2:38  Warp Gate (Chrono Boost)  
  21  2:43  Twilight Council  
  21  2:59  Photon Cannon  
  21  3:06  Gateway  
  21  3:11  Pylon  
  21  3:12  Probe  
  22  3:20  Charge (Chrono Boost)  
  22  3:24  Probe  
  23  3:36  Probe  
  23  3:37  Pylon  
  24  3:45  Gateway  
  24  3:47  Probe  
  25  3:49  Probe  
  26  3:56  Pylon  
  26  3:59  Probe  
  27  4:11  Gateway  
  27  4:12  Pylon  
  27  4:17  Photon Cannon  
  27  4:33  Protoss Ground Weapons Level 1 (Chrono Boost)  
  27  4:39  Robotics Facility  
  27  4:56  Photon Cannon  
  27  4:57  Shield Battery  
  27  5:04  Zealot x2  
  27  5:05  Zealot x2  
  29  5:29  Pylon  
  29  5:30  Photon Cannon  
  29  5:31  Warp Prism (Chrono Boost)  
  29  5:33  Photon Cannon  
  29  5:44  Probe  
  29  5:45  Probe  
  29  5:46  Gateway  
  31  5:56  Probe  
  32  6:04  Gateway  
  32  6:08  Pylon, Probe  
  33  6:20  Probe (Chrono Boost)  
  33  6:22  Gateway  
  34  6:26  Protoss Ground Armor Level 1  
  34  6:27  Photon Cannon  
  34  6:30  Assimilator, Probe (Chrono Boost)  
  35  6:35  Probe (Chrono Boost)  
  35  6:36  Zealot x2  
  35  6:37  Zealot  
  42  6:40  Zealot  
  44  6:47  Probe  
  44  6:50  Zealot x2  
  37  7:16  Observer (Chrono Boost)  
  38  7:24  Assimilator  
  38  7:25  Blink  
  38  7:30  Observer (Chrono Boost)  
  38  7:34  Forge  
  39  7:41  Stalker  
  42  7:59  Warp Prism  
  43  8:16  Zealot x2  
  43  8:17  Zealot x5  
  43  8:49  Protoss Ground Weapons Level 2  
  43  8:51  Stalker x2  
  43  8:52  Stalker x4  
  55  9:10  Probe (Chrono Boost)  
  55  9:11  Assimilator  
  56  9:20  Probe (Chrono Boost)  
  57  9:25  Probe (Chrono Boost)  
  58  9:32  Protoss Ground Armor Level 2, Nexus  
  58  9:35  Stalker x3, Assimilator  
  58  9:36  Probe  
  65  9:40  Assimilator  
  65  9:42  Pylon  
  65  9:45  Pylon  
  65  9:48  Pylon  
  65  10:13  Zealot x4  
  65  10:14  Zealot x4  
  65  10:51  Probe (Chrono Boost)  
  65  10:55  Robotics Bay  
  66  10:57  Immortal  
  66  11:01  Probe (Chrono Boost)  
  71  11:06  Probe (Chrono Boost)  
  68  11:17  Probe  
  69  11:26  Photon Cannon  
  69  11:28  Pylon  
  69  11:29  Probe  
  70  11:36  Immortal  
  74  11:44  Photon Cannon  
  74  11:45  Probe  
  74  11:46  Photon Cannon  
  75  11:51  Photon Cannon  
  75  11:55  Photon Cannon  
  75  11:56  Dark Shrine  
  75  11:57  Probe  
  76  12:03  Stalker  
  76  12:04  Stalker x2  
  86  12:15  Immortal  
  86  12:33  Stalker  
  86  12:35  Stalker  
  90  12:42  Probe (Chrono Boost)  
  92  12:52  Probe (Chrono Boost)  
  92  12:54  Disruptor  
  92  12:57  Probe (Chrono Boost)  
  66  13:22  Dark Templar x3  
  66  13:23  Dark Templar x4  
  66  13:30  Disruptor  
  55  13:57  Dark Templar  
  55  13:58  Dark Templar x5  
Show
View Real Time Build Order
Export as new Build Order

Wombatron Zerg 

Build Orders: Pool First 

Get SALT Encoding   

  12  0:01  Drone  
  13  0:28  Drone  
  14  0:30  Spawning Pool  
  13  0:41  Drone  
  13  0:42  Overlord  
  14  0:51  Extractor  
  14  0:52  Overlord  
  14  0:55  Drone  
  14  1:22  Drone  
  14  1:23  Drone  
  16  1:31  Extractor, Drone  
  16  1:46  Zergling x4  
  18  2:08  Queen  
  20  2:09  Drone x2  
  22  2:17  Hatchery  
  21  2:24  Zergling x2  
  22  2:45  Overlord  
  22  2:48  Drone  
  23  3:07  Lair  
  23  3:18  Drone x2  
  23  3:19  Drone  
  26  3:21  Roach Warren  
  25  3:38  Drone  
  26  3:47  Pneumatized Carapace  
  26  3:49  Drone  
  26  3:50  Drone  
  28  4:13  Hydralisk Den, Drone x3  
  30  4:35  Drone x2  
  32  4:39  Extractor  
  32  4:42  Extractor  
  30  4:48  Zergling x14  
  37  4:57  Drone  
  39  5:07  Zergling x4  
  37  5:42  Drone  
  37  5:43  Drone x2  
  37  5:48  Metabolic Boost  
  39  6:01  Spire  
  39  6:03  Drone  
  39  6:12  Drone, Spore Crawler  
  39  6:39  Glial Reconstitution  
  39  6:41  Grooved Spines  
  39  7:00  Hatchery  
  38  7:10  Drone x3  
  38  7:13  Queen  
  43  7:17  Zerg Flyer Weapons Level 1  
  43  7:22  Spire  
  42  7:39  Evolution Chamber  
  41  7:51  Drone, Infestation Pit  
  41  7:52  Drone  
  41  7:53  Drone  
  41  7:55  Drone  
  41  7:56  Overlord x2  
  44  8:09  Muscular Augments  
  44  8:14  Drone  
  45  8:26  Drone  
  45  8:27  Drone  
  47  8:30  Overlord x2  
  47  8:33  Drone  
  48  8:38  Zerg Flyer Armor Level 1  
  48  8:45  Drone x4  
  52  8:57  Corruptor x4  
  60  9:06  Queen  
  62  9:10  Extractor, Drone  
  62  9:11  Drone x2  
  64  9:53  Zerg Flyer Weapons Level 2  
  64  9:56  Hive  
  64  9:57  Tunneling Claws  
  64  10:01  Zerg Missile Weapons Level 1  
  64  10:08  Evolution Chamber  
  63  10:28  Hatchery  
  62  10:33  Zerg Flyer Armor Level 2  
  62  10:34  Evolution Chamber  
  61  10:36  Zerg Melee Weapons Level 1  
  61  10:40  Drone x2  
  61  10:42  Drone x3  
  66  10:45  Extractor  
  64  11:07  Mutalisk x7  
  64  11:08  Mutalisk  
  64  11:11  Drone x3  
  82  11:18  Overseer  
  82  11:29  Overlord x2  
  82  11:44  Overlord x2  
  82  11:55  Corruptor x2  
  82  11:56  Corruptor x3  
  92  12:03  Drone x2  
  92  12:06  Overlord x2  
  94  12:13  Queen  
  94  12:14  Drone x3  
  94  12:15  Drone  
  100  12:21  Zerg Missile Weapons Level 2  
  100  12:23  Zerg Ground Armor Level 1  
  100  12:27  Zerg Flyer Weapons Level 3  
  100  12:57  Drone  
  101  13:04  Extractor  
  101  13:05  Extractor, Corruptor x6  
  111  13:15  Greater Spire  
  61  13:54  Zergling x2  
  61  13:55  Zergling x34  
  78  13:57  Overseer  
  78  13:58  Overseer  
  70  14:22  Zergling x8  
  73  14:38  Corruptor  
Show
View Real Time Build Order
Export as new Build Order

MrRageQuit Terran 

Build Orders:  

Get SALT Encoding   

  12  0:00  SCV  
  13  0:12  SCV  
  14  0:23  Supply Depot  
  14  0:25  SCV  
  15  0:34  Refinery  
  15  0:49  SCV  
  16  0:50  Barracks  
  16  1:01  SCV  
  17  1:06  Barracks  
  17  1:17  SCV  
  18  1:29  SCV  
  19  1:38  Reaper  
  20  1:44  Barracks  
  20  1:53  Marine  
  21  1:59  Supply Depot  
  22  2:01  Refinery, SCV  
  22  2:13  SCV  
  23  2:20  Marine  
  23  2:21  Barracks Reactor  
  24  2:26  SCV  
  25  2:30  Supply Depot  
  25  2:33  Barracks Reactor  
  25  2:38  SCV  
  26  2:46  Reaper  
  27  2:59  Reaper x2  
  29  3:08  Bunker  
  29  3:12  Reaper x2  
  31  3:18  Marine  
  32  3:21  Supply Depot  
  32  3:39  Reaper x2  
  34  3:42  Barracks Tech Lab  
  34  3:57  Command Center  
  34  4:07  Engineering Bay  
  33  5:12  Marine x2  
  33  5:13  Marine x3  
  38  5:30  Marine x2  
  39  5:40  Marine  
  39  5:41  Marine x2  
  41  5:48  Marine  
  41  6:01  Marine  
  41  6:02  Marine x3  
  43  6:05  SCV  
  44  6:11  Combat Shield  
  44  6:17  SCV  
  45  6:20  Barracks  
  45  6:21  Factory  
  45  6:23  Terran Infantry Weapons Level 1  
  45  6:29  SCV  
  45  6:30  Marine x4  
  45  6:31  Marine  
  51  6:36  Missile Turret  
  51  6:40  Orbital Command  
  51  6:53  Marine x4  
  51  6:54  Marine  
  56  7:13  Starport  
  56  7:18  Starport  
  56  7:20  Refinery  
  56  7:24  Refinery  
  56  7:49  Starport Reactor  
  56  7:55  Starport Reactor  
  56  8:02  SCV  
  57  8:12  Missile Turret  
  57  8:14  SCV  
  58  8:42  SCV  
  58  8:47  Viking  
  61  8:54  SCV  
  62  9:00  Supply Depot  
  62  9:09  Supply Depot  
  62  9:21  Viking x2  
  62  9:22  Viking x2  
  70  9:31  Supply Depot  
  70  9:32  Factory  
  70  9:36  Factory Tech Lab  
  70  9:42  Starport  
  70  9:58  Fusion Core  
  70  9:59  Viking x4  
  78  10:02  Supply Depot  
  78  10:13  SCV  
  79  10:17  Supply Depot  
  79  10:25  SCV  
  80  10:29  Starport  
  80  10:37  SCV  
  81  10:48  SCV  
  82  11:00  SCV  
  83  11:12  SCV  
  83  11:17  Viking x3  
  83  11:18  Viking  
  92  11:27  Orbital Command  
  92  11:33  Starport Tech Lab  
  92  11:53  Command Center, Starport Tech Lab  
  92  12:05  Viking  
  92  12:06  Viking  
  96  12:09  Viking x2  
  100  12:26  Armory  
  100  12:39  Supply Depot  
  82  13:58  Viking x2  
Tags
 
Add a new tag
Caveats
  • Supply blocks, unpowered buildings, or Contaminate may cause inaccurate times.
  • Supply counts are checked every 10 seconds.